Cogmind - Beta 16 @@@ ROGUE MODE // 2025.10.23 @ 01:31:00 Player: Ae Result: Self-destructed Performance ------------- Evolutions (1) 500 Regions Visited (3) 600 Robots Destroyed (84) 420 Value Destroyed (1575) 1575 Prototype IDs (7) 140 Alien Tech Used (0) 0 Bonus (0) 0 TOTAL SCORE: 3235 Bonus ------- None Cogmind --------- Core Integrity 275/400 Matter 250/300 Energy 265/265 System Corruption 0% Temperature Cool (0) Movement Rolling (130) Ox3 Location -9/Materials Parts ------- > --- POWER (1) -------- Improved Ion Engine > --- PROPULSION (2) --- Wheel Compact Wheel > --- UTILITY (4) ------ Huge Storage Unit Structural Scanner Seismic Detector Hardened Medium Armor Plating > --- WEAPON (2) ------- Improved Medium Laser Improved Assault Rifle > --- INVENTORY (25) --- Heavy Ion Engine Light Treads Light Treads Wheel Improved Heat Sink High-capacity Storage Unit Structural Scanner Improved Terrain Scanner Hardened Medium Armor Plating Hardened Medium Armor Plating Hardened Medium Armor Plating Hacking Suite Hacking Suite System Shield System Shield System Shield System Shield Light EM Pulse Cannon Mini Grenade Launcher Datajack Plasma Cutter Blade Saw Explosive Trap Explosive Trap Explosive Trap Peak State ------------ > --- POWER ------------ Improved Ion Engine > --- PROPULSION ------- Titanium Leg Titanium Leg > --- UTILITY ---------- Huge Storage Unit Structural Scanner Seismic Detector Light Armor Plating > --- WEAPON ----------- Improved Medium Laser Improved Assault Rifle > --- INVENTORY -------- Heavy Ion Engine Light Treads Light Treads Wheel Wheel Compact Wheel Improved Heat Sink High-capacity Storage Unit Structural Scanner Improved Terrain Scanner Light Armor Plating Light Armor Plating Hacking Suite Hacking Suite System Shield System Shield System Shield System Shield Light EM Pulse Cannon Mini Grenade Launcher Datajack Plasma Cutter Explosive Trap Explosive Trap Explosive Trap [Rating: 22] Favorites ----------- Power Ion Engine Engine Ion Engine Propulsion Wheel Treads Light Treads Leg Titanium Leg Wheel Wheel Hover Unit Aerolev Unit Utility Light Armor Plating Device Seismic Detector Storage High-capacity Storage Unit Protection Light Armor Plating Weapon Light Assault Rifle Energy Gun Improved Medium Laser Energy Cannon Light EM Pulse Cannon Ballistic Gun Light Assault Rifle Launcher Rocket Launcher Impact Weapon Maul Special Melee Weapon Datajack Build | -11 -10 -10 -9 ------- Run | Yrd Mat Min Mat Slots Evolved 2 | . . . 2 Power . | . . . . Propulsion . | . . . . Utility 2 | . . . 2 Weapon . | . . . . Parts Attached 51 | 8 4 10 29 Power 4 | 1 . 1 2 Engine 4 | 1 . 1 2 Core . | . . . . Reactor . | . . . . Propulsion 14 | 2 . 5 7 Treads 2 | . . 2 . Leg 2 | . . . 2 Wheel 9 | 2 . 3 4 Hover 1 | . . . 1 Flight . | . . . . Utility 19 | 2 3 2 12 Device 5 | 1 . . 4 Storage 4 | 1 1 1 1 Processor . | . . . . Hackware . | . . . . Protection 10 | . 2 1 7 Artifact . | . . . . Weapon 14 | 3 1 2 8 Energy Gun 4 | 1 . . 3 Energy Cannon 1 | . . . 1 Ballistic Gun 6 | 2 1 1 2 Ballistic Cannon . | . . . . Launcher 1 | . . 1 . Special Weapon . | . . . . Impact Weapon 1 | . . . 1 Slashing Weapon . | . . . . Piercing Weapon . | . . . . Special Melee Weapon 1 | . . . 1 Unidentified Prototypes 4 | . . . 4 Parts Lost 14 | . 2 5 7 Power 2 | . . 1 1 Propulsion 5 | . . 3 2 Utility 3 | . 1 . 2 Weapon 4 | . 1 1 2 Highest Loss Streak 3 | . 2 2 3 To Critical Strikes . | . . . . Average Backups 15 | 2 11 12 19 Power 1 | . 1 . 1 Propulsion 3 | 2 5 2 2 Utility 7 | . 4 5 10 Weapon 2 | . . 2 3 Tool/Special . | . . . . Unused Backups 22 | . 1 . 21 Power 1 | . . . 1 Propulsion 3 | . 1 . 2 Utility 11 | . . . 11 Weapon 6 | . . . 6 Tool/Special 1 | . . . 1 Average Slot Usage (%) 99 | . 99 99 98 Engine 12 | . 14 14 10 Treads 1 | . . 5 . Wheel 22 | . 28 22 21 Device 12 | . 3 1 21 Storage 12 | . 14 14 11 Protection 11 | . 10 12 11 Energy Gun 5 | . . . 9 Ballistic Gun 18 | . 27 26 11 Peak Build Rating 22 | 8 8 9 22 Average Rating 13 | 5 7 8 17 On Entrance 5 | . 7 8 8 Avg Prop Armor Cover (%) 10 | . . 10 . Naked Turns . | . . . . Heaviest Build 103 | 15 52 90 103 Greatest Support 32 | 20 20 26 32 Greatest Overweight (x) 6 | . 2 4 6 Average Overweight (x) 2 | . 1 2 2 Largest Inventory Capacity 25 | 8 20 25 25 Average Capacity 21 | 7 19 20 23 Most Carried 25 | 8 13 17 25 Average Carried 18 | 3 11 15 22 Final Capacity 25 | 8 20 20 25 Final Carried 25 | 7 13 15 25 Class Distribution -------------------- 54% | Mutant 45% | Scavenger-Mutant Dominant Class ---------------- Mutant | -10/Materials Mutant | -10/Mines Scavenger-Mutant | -9/Materials Resources | -11 -10 -10 -9 ----------- Run | Yrd Mat Min Mat Matter Collected 1614 | 322 256 326 710 Remotely . | . . . . Salvage Created 2534 | 156 371 365 1642 Parts 184 | 9 44 23 108 Haulers Intercepted 4 | . . . 4 Recyclers Shooed 1 | . 1 . . Parts Field Recycled . | . . . . Retrieved Matter . | . . . . Parts Self-Destructed . | . . . . Prevented . | . . . . Parts Restored . | . . . . Kills | -11 -10 -10 -9 ------- Run | Yrd Mat Min Mat Combat Hostiles Destroyed 57 | . 13 16 28 Guns 49 | . 13 10 26 AOE 8 | . . 6 2 Classes Destroyed 13 | 2 5 1 5 Worker 2 | . 1 . 1 Builder 5 | . 1 . 4 Tunneler 7 | 4 . 2 1 Hauler 4 | . . . 4 Recycler 4 | 1 . . 3 Mechanic 1 | . . . 1 Operator 2 | . . . 2 Watcher 4 | . 1 . 3 Swarmer 28 | . 9 8 11 Grunt 18 | . 4 6 8 Duelist 1 | . . . 1 Sentry 8 | . . . 8 Assembled 2 | . . 2 . Best Kill Streak 8 | 4 3 7 8 Combat Bots Only 5 | . 3 5 5 Max Kills in Single Turn 2 | 1 2 2 2 Gunslinging 1 | . . 1 1 Exploded 2 | . . 2 2 Melee . | . . . . Uniques/NPCs Destroyed . | . . . . Combat | -11 -10 -10 -9 -------- Run | Yrd Mat Min Mat Hostile Shots Fired 255 | . 58 64 133 Missed 74 | . 15 19 40 Hits 181 | . 43 45 93 Projectile 181 | . 43 45 93 Critical Strikes 1 | . . . 1 Damage Taken 2138 | . 405 451 1282 Core 273 | . 38 110 125 Absorbed by Shields . | . . . . Regen/Repaired (Parts) 114 | . . . 114 Core Remaining (%) 70 | 100 . 40 . Volleys Fired 205 | 7 41 49 108 Largest 2 | 2 2 2 2 Hottest 79 | 40 40 40 79 Shots Fired 372 | 14 77 84 197 Gun 357 | 14 77 71 195 Cannon 1 | . . . 1 Launcher 14 | . . 13 1 Special . | . . . . Kinetic 272 | 14 77 71 110 Thermal 85 | . . . 85 Explosive 14 | . . 13 1 Electromagnetic 1 | . . . 1 Robot Hit Streak 20 | 7 7 10 20 Robot Miss Streak 5 | 1 5 4 4 Penetration Max . | . . . . Secondary Targets 5 | . . 2 3 Max Gunslinging Chain 1 | . . 1 1 Shots Hit Robots 223 | 10 40 40 133 Core Hits 122 | 6 21 32 63 Critical Kills . | . . . . Critical Parts Destroyed 1 | . . . 1 Critical Strikes 3 | . . . 3 Burn 2 | . . . 2 Destroy 1 | . . . 1 Melee Attacks 4 | . . . 4 Impact 2 | . . . 2 Slashing . | . . . . Piercing . | . . . . Sneak Attacks 2 | . . . 2 Combat Hostiles . | . . . . Follow-up Attacks . | . . . . Damage Inflicted 3877 | 122 552 748 2455 Guns 2981 | 122 552 310 1997 Cannons 18 | . . . 18 Explosions 871 | . . 431 440 Melee . | . . . . Ramming 7 | . . 7 . Kinetic 2037 | 122 552 310 1053 Thermal 944 | . . . 944 Explosive 871 | . . 431 440 Electromagnetic 18 | . . . 18 Impact . | . . . . Slashing . | . . . . Piercing . | . . . . Highest Corruption . | . . . . Average Corruption . | . . . . Corruption Purged . | . . . . Corruption Blocked . | . . . . Overload Shots . | . . . . Overflow Damage 79 | . . . 79 Projectiles . | . . . . Explosions 79 | . . . 79 Melee . | . . . . Knockbacks . | . . . . Impact . | . . . . Kinetic . | . . . . Secondary . | . . . . Self-Inflicted Damage 196 | . . 47 149 Shots 3 | . . 1 2 Rammed 1 | . . 1 . Targets Rammed 1 | . . 1 . Kicked . | . . . . Crushed . | . . . . Highest Temperature 279 | . 18 25 279 Average Temperature 47 | . 6 7 57 Received Heat Transfer 429 | . 54 57 318 Siege Activations . | . . . . Martial Activations . | . . . . Shielding Activations . | . . . . Robots Disrupted . | . . . . Combat Hostiles . | . . . . Robots Corrupted . | . . . . Combat Hostiles . | . . . . Parts Fried . | . . . . Impact Corruptions . | . . . . Robots Melted . | . . . . Combat Hostiles . | . . . . Parts Melted 3 | . . . 3 Heat Transferred 2183 | . . . 2183 Parts Sabotaged . | . . . . Parts Stolen . | . . . . Parts Stripped . | . . . . Power Chain Reactions . | . . . . Alert | -11 -10 -10 -9 ------- Run | Yrd Mat Min Mat Maximum Alert Level 1 | . 1 . 1 Low Security (%) 60 | 100 91 100 27 Level 1 39 | . 8 . 72 Level 2 . | . . . . Level 3 . | . . . . Level 4 . | . . . . Level 5 . | . . . . High Security . | . . . . Max Security . | . . . . Peak Influence 381 | 15 222 129 381 Initial 64 | . 3 64 18 Average 153 | 3 79 52 236 Influence Increases 1831 | 25 471 416 919 Destroy 0b10 Robot/C 1100 | . 260 280 560 Destroy 0b10 Robot/NC 145 | 25 15 10 95 Destroy Leader 256 | . 52 40 164 Successful Hack 47 | . 39 . 8 Select Force Hacks 60 | . 60 . . Disable Machine 30 | . . 15 15 Destroy Structure 88 | . . 56 32 Partial Spotted 15 | . 15 . . Lose Combat Pursuer 90 | . 30 15 45 Influence Decreases 1466 | 20 310 535 601 Entered New Map 133 | . 2 102 29 Time Decay 1199 | 20 288 389 502 Lost Part 134 | . 20 44 70 Squads Dispatched 5 | . 2 . 3 Investigation 2 | . 2 . . Extermination . | . . . . Reinforcement 3 | . . . 3 Assault . | . . . . Garrison . | . . . . Intercept . | . . . . Searches Triggered . | . . . . Construction Impeded . | . . . . Haulers Reinforced . | . . . . Active Scanning Responses . | . . . . Cargo Convoy Interrupts . | . . . . Stealth | -11 -10 -10 -9 --------- Run | Yrd Mat Min Mat Distress Signals 5 | . 2 . 3 Communications Jammed . | . . . . Distress Signals . | . . . . Times Spotted 86 | . 24 17 45 Peak Tracking Total 4 | . 4 3 4 Tactical Retreats 5 | . 1 1 3 Traps | -11 -10 -10 -9 ------- Run | Yrd Mat Min Mat Traps Triggered 1 | . 1 . . Indirectly . | . . . . Trap Hack Attempts . | . . . . Triggered . | . . . . Disarmed . | . . . . Reprogrammed . | . . . . Reused . | . . . . Traps Extracted . | . . . . Installed . | . . . . Triggered . | . . . . Most Traps Carried 3 | . . 3 3 Machines | -11 -10 -10 -9 ---------- Run | Yrd Mat Min Mat Machines Disabled 2 | . . 1 1 Max in Single Turn 1 | . . 1 1 Machines Repaired . | . . . . Machines Dismantled . | . . . . Machines Sabotaged . | . . . . Overloaded Fab Kills . | . . . . Hacking | -11 -10 -10 -9 --------- Run | Yrd Mat Min Mat Machines Accessed 16 | . 8 . 8 Terminals 10 | . 6 . 4 Fabricators . | . . . . Repair Stations 2 | . . . 2 Recycling Units 2 | . 2 . . Scanalyzers 2 | . . . 2 Garrison Access . | . . . . Total Hacks 58 | . 24 . 34 Successful 37 | . 12 . 25 Failed 20 | . 12 . 8 Catastrophic 6 | . 3 . 3 Database Lockouts 1 | . . . 1 Manual 26 | . 19 . 7 Terminals 29 | . 22 . 7 Fabricators . | . . . . Repair Stations 8 | . . . 8 Recycling Units 2 | . 2 . . Scanalyzers 19 | . . . 19 Garrison Access . | . . . . Terminal Hacks 5 | . 4 . 1 Robot Analysis 1 | . 1 . . Prototype ID Bank 2 | . 1 . 1 Recall Investigation 1 | . 1 . . Zone Layout 1 | . 1 . . Fabricator Hacks . | . . . . Repair Station Hacks 6 | . . . 6 Scan Component 3 | . . . 3 Repair 3 | . . . 3 Recycling Unit Hacks . | . . . . Scanalyzer 17 | . . . 17 Insert Component 7 | . . . 7 Analyze 9 | . . . 9 Retrieve Study 1 | . . . 1 Garrison Access Hacks . | . . . . Unauthorized Hacks 9 | . 8 . 1 Terminals 6 | . 6 . . Track 1 | . 1 . . Botnet 4 | . 4 . . Operators 1 | . 1 . . Fabricators . | . . . . Repair Stations 1 | . . . 1 Mechanics 1 | . . . 1 Recycling Units 2 | . 2 . . Tunnel 2 | . 2 . . Scanalyzers . | . . . . Garrison Access . | . . . . Data Cores Recovered . | . . . . Used . | . . . . Hacking Detections 13 | . 6 . 7 Full Trace Events . | . . . . Feedback Events . | . . . . Feedback Blocked . | . . . . Robot Schematics Acquired . | . . . . Robots Built . | . . . . Authchips . | . . . . Time . | . . . . Total Robot Build Rating . | . . . . Part Schematics Acquired 7 | . . . 7 Parts Built . | . . . . Authchips . | . . . . Time . | . . . . Total Part Build Rating . | . . . . Part Studies Acquired 1 | . . . 1 Parts Repaired 3 | . . . 3 Time 84 | . . . 84 Parts Recycled . | . . . . Recycled Matter . | . . . . Retrieved Matter . | . . . . Retrieved Components . | . . . . Parts Scanalyzed 7 | . . . 7 Part Schematics Acquired 7 | . . . 7 Parts Damaged . | . . . . Bothacking | -11 -10 -10 -9 ------------ Run | Yrd Mat Min Mat Used RIF Installer . | . . . . Robots Hacked 1 | . . . 1 Non-combat 1 | . . . 1 Combat . | . . . . Robot Hacks Applied 2 | . . . 2 parse_system 1 | . . . 1 no_distress 1 | . . . 1 Relay Couplers Released . | . . . . Fabnet Peak Effective % . | . . . . Robots Rewired . | . . . . Allies Hacked . | . . . . Hacks Repelled . | . . . . Allies | -11 -10 -10 -9 -------- Run | Yrd Mat Min Mat Total Allies . | . . . . Largest Group . | . . . . Highest-Rated Group . | . . . . Highest-Rated Ally . | . . . . Total Orders . | . . . . Ally Attacks . | . . . . Total Damage . | . . . . Kills . | . . . . Allies Corrupted . | . . . . Allies Melted . | . . . . Intel | -11 -10 -10 -9 ------- Run | Yrd Mat Min Mat Active Infowar (turns) 2692 | 16 205 160 2311 Structural 2309 | . . . 2309 Seismic 2692 | 16 205 160 2311 Robot Analysis Total 1 | . 1 . . Derelict Logs Recovered 2 | . . 2 . Drone Launches . | . . . . Drone Recoveries . | . . . . Exploration | -11 -10 -10 -9 ------------- Run | Yrd Mat Min Mat Turns Passed 4574 | 92 731 1320 2431 Spaces Moved 2971 | 61 556 925 1429 Core 2 | 2 . . . Treads . | . . . . Legs . | . . . . Wheels 2969 | 59 556 925 1429 Hover . | . . . . Flight . | . . . . Fastest Speed 50 | 50 80 105 100 Average Speed 118 | 79 106 117 126 Slowest Speed 180 | 80 110 140 180 Overloaded Moves . | . . . . Propulsion Burnouts . | . . . . Robots Hopped . | . . . . Potential Cave-ins . | . . . . Cave-ins Triggered . | . . . . Exploration Rate (%) 69 | 3 82 99 95 Regions Visited 3 Branch Regions 1 Pre-discovered Areas 4 | . 2 2 . Known Exits Taken . | . . . . Unknown Exits Taken 3 | 1 1 1 . Scrap Searched 2 | . . 2 . Spaces Dug 2 | . . . 2 Terrain Destroyed 98 | . . 69 29 Melee 2 | . . . 2 Projectile . | . . . . AOE 96 | . . 69 27 Terrain Rammed . | . . . . Walls Destroyed . | . . . . Machines Disabled . | . . . . Actions | -11 -10 -10 -9 --------- Run | Yrd Mat Min Mat Total 3652 | 88 616 1087 1861 Wait 301 | . 4 90 207 Move 2968 | 60 555 924 1429 Hop . | . . . . Pick Up 60 | 9 8 6 37 Fast Attach 13 | 8 1 . 4 Attach 15 | . 1 5 9 Detach 3 | 1 . . 2 Swap 46 | . 4 11 31 Drop 36 | 3 2 1 30 Fire 205 | 7 41 49 108 Melee 4 | . . . 4 Ram 1 | . . 1 . Kick . | . . . . Crush . | . . . . Escape Stasis . | . . . . Rewire . | . . . . Trap . | . . . . Miscellaneous . | . . . . Route ------- -11/Scrapyard -10/Materials (discovered 5 exits: *Mat x3 / [*Min] / [*Sub]) -10/Mines (discovered 4 exits: *Mat x2 / [*Exi] / [*Sub]) -9/Materials (discovered 4 exits: *Mat x3 / [*Min]) History --------- Turn | Location | Event 22 | -11/Scrapyard | Discovered new exit (range 15) 93 | -11/Scrapyard | Entered Materials 264 | -10/Materials | Discovered new exit (range 9) 307 | -10/Materials | Build established: Mutant 427 | -10/Materials | Discovered new exit (range 9) 577 | -10/Materials | Discovered new exit (range 4) 700 | -10/Materials | Discovered new exit (range 12) 759 | -10/Materials | Discovered new exit (range 7) 824 | -10/Materials | Entered Mines 832 | -10/Mines | Met a Derelict bent on vengeance 896 | -10/Mines | Found a hidden stash of uninstalled traps 1133 | -10/Mines | Received a Rocket Launcher from a helpful Derelict 1204 | -10/Mines | Discovered new exit (range 6) 1329 | -10/Mines | Learned location of 1 exit from Materials 1421 | -10/Mines | Deemed a non-threat by the Exiles lab entrance 1423 | -10/Mines | Discovered new exit (range 5) 1509 | -10/Mines | Excavation squad dispatched 1509 | -10/Mines | A large section of the Mines collapsed 1538 | -10/Mines | Learned location of Zion (-6) 1566 | -10/Mines | Core integrity fell below 50% 1591 | -10/Mines | Discovered new exit (range 5) 1592 | -10/Mines | Learned location of Storage (-8) 1665 | -10/Mines | Discovered new exit (range 8) 2117 | -10/Mines | Build established: Scavenger-Mutant 2144 | -10/Mines | Entered Materials 2144 | -9/Materials | Evolved 2 slots: Utility x2 2145 | -9/Materials | Identified exit to Materials 2155 | -9/Materials | Central database locked down 2614 | -9/Materials | Discovered new exit (range 16) 2653 | -9/Materials | Repaired Com. Wheel+ 2799 | -9/Materials | Discovered exit to Materials (range 16) 3202 | -9/Materials | Lost 3 parts (1n1u1w) 3438 | -9/Materials | Discovered exit to Materials (range 15) 3768 | -9/Materials | Build established: Mutant 3774 | -9/Materials | Repaired Rocket Launcher 3801 | -9/Materials | Repaired Com. Wheel+ 4240 | -9/Materials | Build established: Scavenger-Mutant 4575 | -9/Materials | Self-destructed Last Messages --------------- Scanning: Plasma Cutter... Scan incomplete, additional scanning required. >>Scanalyze Scanning: Plasma Cutter... Schematic downloaded. 04415_ Y-45 Defender destroyed. 04418_ Acquired 27 matter. 04423_ U-05 Engineer builds a Door. 04521_ K-01 Serf cleans the Electrolysis Chamber. 04540_ Dropped Maul. 04542_ Acquired Titanium Leg. 04551_ Dropped Titanium Leg. 04552_ Dropped Wheel. 04555_ Acquired Wheel. 04556_ Dropped Titanium Leg. 04559_ Acquired Hrd. Medium Armor Plating. 04562_ Dropped Lgt. Armor Plating. 04568_ Acquired Hrd. Medium Armor Plating. 04570_ Acquired Blade Saw. [Achievement: Deductive Reasoning] Map ----- +----------------------------------------------------+ | ????#### = ### ######## ####+### | | ??????## ### # # # | | ??????## ### + *# # """ "" | | ??????## ### # # # """ "" | | ??????## ### #=!! # # """ "" | | ??????## ### #=!! # / | | ??????## ### #!!! # # | | ??????## ### ######## # | | ??????## ### ######## # ] | | ????############### ######## ######## | | ????############### # !# ######## | | ????## #### # # ######## | | ????## + + "S + ######## | | ????## # ##### """ # | | ????## # ##### "" # | | ????#######+####+##?## # % | | ????####### ##?######### ######## | | ?????????## """ ##?######### # # | | ?????????## """ ##???????? # # # | | ?????????## """ ##???????? + + """ # | | ?????????## ##???????? # # """ # | | ?????????## ## # # """ # | | ?????????#####+########+##### # # | | ?????????## k ######## | | ?????????## < #### | | ?????????##^ @ #### | | ?????????## # ###+####+####### | | ?????????## /=# ## # | | ?????????##/ ! =# ## ? ###+# | | ?????????##//!!==# ## ! ### | | ################## ## ### # | | ################## ## ### # | | ## ########### ## ### # | | ## ####### ### ################## # | | ## # ### ## # # # | | ## =/ /# T ### ## """ # # # | | ##= / # ## # """ # # # | | ## / # """"" ## # """ !# # | | ## [# """"" ## + " # | | ## !%#!""""" ## # " " # =%+ | | ## ! [=+%[ ### ## "R" # =#% | | ## =#[""""" ### ## """ # ## | | ## # """"" ### ## # ## | | ## # """"" ### #########"# ## | | #####"## ### ## # ## | | ### ####+##### == # """ # ## | | ?## %! # """ # ### | | ?## !* + """ ########## | | ?## ########## # ########## | | ?### ############ ## """ ##???????# | +----------------------------------------------------+ Best States ------------- Heat Dissipation 38 Energy Generation 14 Energy Capacity 280 Matter Stores 300 Matter Capacity 300 Sight Range 16 Terrain Scan Density 10 Armor Coverage 300 Evasion (%) 44 Item Schematics ----------------- Seismic Detector | -9/Materials | Scanalyzed Structural Scanner | -9/Materials | Scanalyzed Imp. Terrain Scanner | -9/Materials | Scanalyzed Com. Wheel | -9/Materials | Scanalyzed Wheel | -9/Materials | Scanalyzed Hcp. Storage Unit | -9/Materials | Scanalyzed Plasma Cutter | -9/Materials | Scanalyzed Robot Schematics ------------------ None Fabricated ------------ Nothing Repaired ---------- Com. Wheel | 3% | -9/Materials Rocket Launcher | 20% | -9/Materials Com. Wheel | 3% | -9/Materials Studied --------- Com. Wheel | -9/Materials | Hacked Alien Tech Used ----------------- None Achievements -------------- Deductive Reasoning I Have A Map? Challenges ------------ None Game ------ Seed DataMultitargetingShredder Manual? 0 Play Time 00:55:00 Cumulative 101.6 hours Start 2025.10.23 @ 00:24:55 End 2025.10.23 @ 01:31:00 Sessions 1 Manual Loads 0 Difficulty Rogue Special Mode None Game No. 168 Rogue 140 Adventurer 28 Explorer 0 Win Type - Total 0 Types 0/0/0/0/0/0/0/0/0/0 Lore% 41 Gallery% 32 Achievement% 22 Wizard Run 0 Options --------- Layout 0 ASCII 0 Keyboard 1 Movement Numpad Keybinds 0 Fullscreen 2 Font 28/SmallcapsGlow Map View 84x54 Zoom Use 0% Tactical HUD 1 Map Filters NONE Filters NONE Steam 1 RUN: 084c7d31-1434-459d-a86c-45d3176eb786